 Dungeon Crawl Stone Soup version 0.20-a0-1062-g7b787ac (webtiles) character file.

445 OctoMonk the Sneak (level 7, -2/46 HPs)
             Began as an Octopode Monk on Apr 28, 2017.
             Was a Priest of Sif Muna.
             Slain by a slave (8 damage)
             ... led by Pikel
             ... on level 3 of the Dungeon.
             The game lasted 00:13:50 (2871 turns).

OctoMonk the Sneak (Octopode Monk)                  Turns: 2871, Time: 00:13:50

Health: -2/46      AC:  5    Str: 10    XL:     7   Next: 3%
Magic:  7/7        EV: 15    Int: 12    God:    Sif Muna [***...]
Gold:   122        SH:  0    Dex: 15    Spells: 6/6 levels left

rFire    + . .     SeeInvis .     - Unarmed
rCold    x . .     Gourm    .   (no shield)
rNeg     . . .     Faith    .   (helmet restricted)
rPois    .         Spirit   .   (no amulet)
rElec    .         Reflect  .   c - ring of protection from magic
rCorr    .         Harm     .   d - -2 ring of strength (curse)
MR       +....                  f - +4 ring of protection
Stlth    ++++......             v - ring of fire
Regen    0.2/turn               (no ring)
MPRegen  0.1/turn               (no ring)
                                (no ring)
                                (no ring)

@: no status effects
A: almost no armour, stealthy swim, amphibious, 8 rings, constrict 8, camouflage
1, gelatinous body 1
a: Divine Energy, Channel Magic, Renounce Religion


You were on level 3 of the Dungeon.
You worshipped Sif Muna.
Sif Muna was most pleased with you.
You were not hungry.

You visited 1 branch of the dungeon, and saw 4 of its levels.

You collected 122 gold pieces.

Inventory:

Jewellery
 c - a ring of protection from magic (left tentacle)
 d - a cursed -2 ring of strength (right tentacle)
 f - a +4 ring of protection (on tentacle)
 v - a ring of fire (on tentacle)
Wands
 s - a wand of digging (13/24)
 w - a wand of iceblast (4/15)
 x - a wand of random effects (20/48)
Scrolls
 g - 2 scrolls of identify {unknown}
 i - 3 scrolls of remove curse {unknown}
 k - 3 scrolls of teleportation {unknown}
 l - a scroll of immolation {unknown}
 m - a scroll of noise {unknown}
 o - a scroll of fog {unknown}
 u - 2 scrolls of fear {unknown}
 y - a scroll of enchant armour {unknown}
Potions
 b - 2 potions of agility {unknown}
 e - a potion of mutation {unknown}
 h - 4 potions of curing {unknown}
 j - a potion of haste {unknown}
 n - a potion of invisibility {unknown}
 q - a potion of heal wounds {unknown}
 r - a potion of lignification {unknown}
 t - 2 potions of might {unknown}
Books
 p - Sif Muna's Catalogue of Orientation
   (You found it on level 3 of the Dungeon)

   Spells                             Type                      Level
   a - Apportation                    Translocation                1
Comestibles
 a - 2 bread rations


   Skills:
 + Level 3.6 Fighting
 + Level 4.0 Dodging
 + Level 6.7 Stealth
 + Level 5.2 Unarmed Combat


You had 6 spell levels left.
You didn't know any spells.

Dungeon Overview and Level Annotations

Branches:
Dungeon (4/15)
 Temple: D:4-7

Altars:
Ashenzari
Cheibriados
Elyvilon
Fedhas
Gozag
Ru
Sif Muna
Vehumet
Xom

Annotations:
D:4 Pikel


Innate Abilities, Weirdness & Mutations

You cannot wear most types of armour.
You are very stealthy in the water. (Stealth+)
You are amphibious.
You can wear up to eight rings at the same time.
You can use your tentacles to constrict eight enemies at once.
Your skin changes colour to match your surroundings (Stealth+).
Your rubbery body absorbs attacks. (AC +1, EV +1)


Message History

There is a stone staircase leading down here.
You barely miss the slave. Your grab misses the slave. The slave misses you.
You completely miss the slave. Your grab misses the slave.
The slave barely misses you.
You barely miss the slave. Your grab misses the slave.
Your squeeze misses the slave. You miss the slave. Your grab misses the slave.
The slave hits you but does no damage.
You tentacle-slap the slave but do no damage.
You grab the slave.
You constrict the slave, but do no damage.
The slave hits you!
* * * LOW HITPOINT WARNING * * *
You tentacle-slap the slave. Your squeeze misses the slave.
The slave is lightly wounded.
You constrict the slave. The slave completely misses you.
You barely miss the slave.
The slave is lightly wounded.
You constrict the slave. The slave hits you!
You die...

.............#########.########.#
.####.#.#.#.........†..# #.#
.............########### #.#
..###.#.#.##.### #.#
..####...###...# #.#
..##.....#####.## #.#
.....##.......>.# ###
#.#####..#####..########## #.#
#.....)..p@........# # #.##
#..#####..########)# # #..####..#
#..# #)# ##### #........# #..#
##.## #.).. #..####.## #..#
##...###..#. #..# #.# #<.#
##.....##..#. ...# #.# #..#
#..........#. #..# #.# #..#
##.....###.##
#..####.######..######....## #...


You could see a slave.

Vanquished Creatures
  Sigmund (D:2)
  A hound (D:3)
  An orc priest (D:3)
  2 orc wizards (D:3)
  Jessica (D:2)
  Ijyb (D:3)
  3 adders
  6 worms
  2 dart slugs
  4 leopard geckos
  4 orcs (D:3)
  2 giant cockroaches
  11 goblins
  9 hobgoblins
  4 jackals (D:3)
  2 quokkas (D:3)
  4 bats
  4 frilled lizards
  5 kobolds
  6 rats
73 creatures vanquished.

Notes
Turn   | Place    | Note
-------+----------+-------------------------------------------
     0 | D:1      | OctoMonk the Octopode Monk began the quest for the Orb.
     0 | D:1      | Reached XP level 1. HP: 16/16 MP: 1/1
     6 | D:1      | Noticed a basilisk
     6 | D:1      | Noticed a tyrant leech
     6 | D:1      | Noticed a worker ant
     6 | D:1      | Noticed a stone giant
   147 | D:1      | Found a snail-covered altar of Cheibriados.
   154 | D:1      | Reached XP level 2. HP: 19/21 MP: 2/2
   399 | D:1      | Reached skill level 3 in Stealth
   650 | D:1      | Reached XP level 3. HP: 26/26 MP: 3/3
   951 | D:2      | Noticed Jessica
   961 | D:2      | Killed Jessica
   961 | D:2      | Reached XP level 4. HP: 23/31 MP: 4/4
  1064 | D:2      | Found an opulent altar of Gozag.
  1478 | D:2      | Found a faded altar of an unknown god.
  1497 | D:2      | Noticed Sigmund
  1502 | D:2      | Became a worshipper of Sif Muna the Loreminder
  1502 | D:2      | Reached * piety under Sif Muna
  1502 | D:2      | Reached ** piety under Sif Muna
  1515 | D:2      | Killed Sigmund
  1515 | D:2      | Reached skill level 5 in Stealth
  1515 | D:2      | Reached XP level 5. HP: 20/36 MP: 5/5
  1515 | D:2      | Reached XP level 6. HP: 24/42 MP: 6/6
  1647 | D:3      | Reached skill level 6 in Stealth
  1709 | D:3      | Found a radiant altar of Vehumet.
  1709 | D:3      | Found a sacrificial altar of Ru.
  1754 | D:3      | Found a shimmering altar of Xom.
  1878 | D:3      | Found a deep blue altar of Sif Muna.
  1879 | D:3      | Noticed Ijyb
  1900 | D:3      | Killed Ijyb
  1919 | D:3      | Reached *** piety under Sif Muna
  1938 | D:3      | Found a shattered altar of Ashenzari.
  2193 | D:3      | Found a white marble altar of Elyvilon.
  2384 | D:3      | Found a blossoming altar of Fedhas.
  2467 | D:3      | Reached skill level 5 in Unarmed Combat
  2615 | D:3      | Reached XP level 7. HP: 20/46 MP: 7/7
  2786 | D:3      | Identified Sif Muna's Catalogue of Orientation
  2846 | D:4      | Noticed Pikel
  2871 | D:3      | Slain by a slave

Vault maps used:
D:1:      onia_arrival_zoo_common, st_stairs_10, cheibriados_altar_1
D:2:      grunt_gozag_breadcrumbs, first_bread,
          chequers_ecumenical_altar_simple_redux, st_stairs_1, uniq_jessica,
          uniq_sigmund
D:3:      xom_teletrap_fun, led_sif_book, nicolae_overflow_crystal_walls,
          lemuel_doored_altar, chequers_temple_overflow_statue_of_worship,
          fedhas_altar_4, uniq_ijyb
D:4:      kennysheep_little_box, uniq_blork_the_orc, uniq_pikel, uniq_eustachio

Skill      XL: |  1  2  3  4  5  6 |
---------------+-------------------+-----
Stealth        | 3 5 6 |  6.7
Unarmed Combat | 4 5 |  5.2
Dodging        | 4 |  4.0
Fighting       | |  3.6

Action                   |  1- 3 |  4- 6 |  7- 9 || total
-------------------------+-------+-------+-------++-------
Melee: Unarmed           |    58 |   125 |    15 ||   198
       Constrict         |    17 |    30 |     2 ||    49
       Tentacles         |     7 |    26 |       ||    33
       Punch             |     1 |     4 |       ||     5
 Stab: Sleeping          |     6 |    17 |     1 ||    24
       Distracted        |       |     2 |       ||     2
  Eat: Royal jelly       |       |     1 |       ||     1
       Fruit             |       |     3 |       ||     3
       Bread ration      |       |       |     1 ||     1
Armor: Skin              |     4 |    14 |     2 ||    20
Dodge: Dodged            |    41 |    62 |    12 ||   115
